| TOP OF THE 1ST |
|
New York Yankees batting - Pitching for Toronto Blue Jays : RHP Tony Rios
|
|
Pitching: RHP Tony Rios
|
|
|
Batting: LHB Jordan de Jesus
|
0-0: Ball 1-0: Ball 2-0: Called Strike 2-1: Called Strike 2-2: Strikes out swinging
|
|
Batting: RHB C.J. Richerson
|
0-0: Ball 1-0: SINGLE (Groundball, 5S, EV 63.8 MPH) (infield hit)
|
|
Batting: SHB Bartholomeu Chambino
|
0-0: Ball C.J. Richerson steals 2nd base 1-0: Foul Ball, location: 2F 1-1: Ground out 4-3 (Groundball, 4, EV 80.0 MPH) C.J. Richerson to third
|
|
Batting: LHB Jim Skare
|
0-0: Called Strike 0-1: Called Strike 0-2: Ball 1-2: Strikes out swinging
|
| Top of the 1st over - 0 runs, 1 hit, 0 errors, 1 left on base; New York 0 - Toronto 0 |
| BOTTOM OF THE 1ST |
|
Toronto Blue Jays batting - Pitching for New York Yankees : LHP David Ibarra
|
|
Pitching: LHP David Ibarra
|
|
|
Batting: RHB Kirk Arp
|
0-0: Ground out 5-3 (Groundball, 56S, EV 88.1 MPH)
|
|
Batting: LHB Isto Mäyrä
|
0-0: Fly out, F7 (Flyball, 7, EV 78.8 MPH)
|
|
Batting: RHB Shigem Kubo
|
0-0: Ball 1-0: Ball 2-0: Swinging Strike 2-1: Foul Ball, location: 2F 2-2: Strikes out swinging
|
| Bottom of the 1st over - 0 runs, 0 hits, 0 errors, 0 left on base; New York 0 - Toronto 0 |
| TOP OF THE 2ND |
|
New York Yankees batting - Pitching for Toronto Blue Jays : RHP Tony Rios
|
|
Batting: LHB Evan Torraville
|
0-0: Called Strike 0-1: Ground out 4-3 (Groundball, 4, EV 83.1 MPH)
|
|
Batting: SHB Billy Durham
|
0-0: Called Strike 0-1: Foul Ball, location: 2F 0-2: Foul Ball, location: 2F 0-2: Ball 1-2: Ball 2-2: Ball 3-2: Strikes out swinging
|
|
Batting: LHB Yao-pang Tien
|
0-0: Swinging Strike 0-1: Ball 1-1: Ball 2-1: Fly out, F9 (Flyball, 89M, EV 93.1 MPH)
|
| Top of the 2nd over - 0 runs, 0 hits, 0 errors, 0 left on base; New York 0 - Toronto 0 |
| BOTTOM OF THE 2ND |
|
Toronto Blue Jays batting - Pitching for New York Yankees : LHP David Ibarra
|
|
Batting: RHB Ruben Velasco
|
0-0: Ball 1-0: Foul Ball, location: 2F 1-1: Called Strike 1-2: Ball 2-2: Ball 3-2: Ground out 3-1 (Groundball, 34, EV 81.9 MPH)
|
|
Batting: RHB Adam Burke
|
0-0: Ball 1-0: Ball 2-0: Ball 3-0: Base on Balls
|
|
Batting: SHB Dylan Novakowski
|
0-0: Foul Ball, location: 2F 0-1: SINGLE (Line Drive, 8LS, EV 108.8 MPH) Adam Burke to second
|
|
Batting: LHB Gabe White
|
0-0: Fly out, F7 (Flyball, 78S, EV 85.0 MPH)
|
|
Batting: LHB Jon Schick
|
0-0: Ball 1-0: Ball 2-0: Called Strike 2-1: Foul Ball, location: 2F 2-2: Ball 3-2: SINGLE (Groundball, 3D, EV 101.9 MPH) Adam Burke to third Dylan Novakowski to second Adam Burke scores Dylan Novakowski to third
|
|
Batting: RHB Jerry Jauregui
|
0-0: Ground out U3 (Groundball, 34S, EV 80.6 MPH)
|
| Bottom of the 2nd over - 1 run, 2 hits, 0 errors, 2 left on base; New York 0 - Toronto 1 |
| TOP OF THE 3RD |
|
New York Yankees batting - Pitching for Toronto Blue Jays : RHP Tony Rios
|
|
Batting: RHB Kai Bellow
|
0-0: SINGLE (Groundball, 56D, EV 99.4 MPH)
|
|
Batting: RHB Sam Saunders
|
0-0: Ball 1-0: Foul Ball, location: 2F 1-1: Foul Ball, location: 2F 1-2: SINGLE (Groundball, 6MD, EV 103.1 MPH) Kai Bellow to second
|
|
Batting: LHB Jordan de Jesus
|
0-0: Swinging Strike 0-1: Ball 1-1: Swinging Strike 1-2: Foul Ball, location: 2F 1-2: Grounds into double play, 6-4-3 (Groundball, 6, EV 100.0 MPH) Kai Bellow to third
|
|
Batting: RHB C.J. Richerson
|
0-0: Swinging Strike 0-1: Called Strike 0-2: Ball 1-2: SINGLE (Flyball, 8LS, EV 96.9 MPH) Kai Bellow scores
|
|
Batting: SHB Bartholomeu Chambino
|
0-0: Foul Ball, location: 2F 0-1: Ball 1-1: Ground out 4-3 (Groundball, 4, EV 83.1 MPH)
|
| Top of the 3rd over - 1 run, 3 hits, 0 errors, 1 left on base; New York 1 - Toronto 1 |
| BOTTOM OF THE 3RD |
|
Toronto Blue Jays batting - Pitching for New York Yankees : LHP David Ibarra
|
|
Batting: RHB Kirk Arp
|
0-0: Foul Ball, location: 2F 0-1: Called Strike 0-2: Ball 1-2: Strikes out swinging
|
|
Batting: LHB Isto Mäyrä
|
0-0: Ball 1-0: Ball 2-0: Called Strike 2-1: Fly out, F5 (Line Drive, 5, EV 65.6 MPH)
|
|
Batting: RHB Shigem Kubo
|
0-0: Ball 1-0: Ball 2-0: Ball 3-0: Base on Balls
|
|
Batting: RHB Ruben Velasco
|
0-0: Ball Shigem Kubo is caught stealing 2nd base 2-4
|
| Bottom of the 3rd over - 0 runs, 0 hits, 0 errors, 0 left on base; New York 1 - Toronto 1 |
| TOP OF THE 4TH |
|
New York Yankees batting - Pitching for Toronto Blue Jays : RHP Tony Rios
|
|
Batting: LHB Jim Skare
|
0-0: Foul Ball, location: 2F 0-1: Foul Ball, location: 2F 0-2: Foul Ball, location: 2F 0-2: Strikes out swinging
|
|
Batting: LHB Evan Torraville
|
0-0: Foul Ball, location: 2F 0-1: Ball 1-1: Fly out, F4 (Flyball, 3D, EV 80.6 MPH)
|
|
Batting: SHB Billy Durham
|
0-0: Ball 1-0: Ball 2-0: Ball 3-0: Called Strike 3-1: Called Strike 3-2: Foul Ball, location: 2F 3-2: SINGLE (Flyball, 8LS, EV 98.1 MPH)
|
|
Batting: LHB Yao-pang Tien
|
0-0: Foul Ball, location: 2F 0-1: Ball 1-1: Ball 2-1: Called Strike 2-2: Strikes out swinging
|
| Top of the 4th over - 0 runs, 1 hit, 0 errors, 1 left on base; New York 1 - Toronto 1 |
| BOTTOM OF THE 4TH |
|
Toronto Blue Jays batting - Pitching for New York Yankees : LHP David Ibarra
|
|
Batting: RHB Ruben Velasco
|
0-0: DOUBLE (Line Drive, 7LM, EV 93.1 MPH)
|
|
Batting: RHB Adam Burke
|
0-0: Ball 1-0: Ball 2-0: Ball 3-0: Base on Balls
|
|
Batting: SHB Dylan Novakowski
|
0-0: Called Strike 0-1: Ball 1-1: Called Strike 1-2: Ball 2-2: Strikes out swinging
|
|
Batting: LHB Gabe White
|
0-0: Called Strike Ruben Velasco steals 3rd base (no throw) Adam Burke to second 0-1: Ball 1-1: Ball 2-1: Fly out, F8 (Flyball, 8RM, EV 92.5 MPH)
|
|
Batting: LHB Jon Schick
|
0-0: Ball 1-0: Swinging Strike 1-1: Ball 2-1: Ball 3-1: Foul Ball, location: 2F 3-2: Strikes out swinging
|
| Bottom of the 4th over - 0 runs, 1 hit, 0 errors, 2 left on base; New York 1 - Toronto 1 |
| TOP OF THE 5TH |
|
New York Yankees batting - Pitching for Toronto Blue Jays : RHP Tony Rios
|
|
Batting: RHB Kai Bellow
|
0-0: Fly out, F8 (Flyball, 89S, EV 87.5 MPH)
|
|
Batting: RHB Sam Saunders
|
0-0: Ball 1-0: Ball 2-0: Ball 3-0: Base on Balls
|
|
Batting: LHB Jordan de Jesus
|
0-0: Ball 1-0: Swinging Strike 1-1: Foul Ball, location: 2F 1-2: Ball 2-2: Fly out, F9 (Flyball, 9LS, EV 84.4 MPH)
|
|
Batting: RHB C.J. Richerson
|
0-0: Ball 1-0: Fly out, F8 (Line Drive, 8RM, EV 88.1 MPH)
|
| Top of the 5th over - 0 runs, 0 hits, 0 errors, 1 left on base; New York 1 - Toronto 1 |
| BOTTOM OF THE 5TH |
|
Toronto Blue Jays batting - Pitching for New York Yankees : LHP David Ibarra
|
|
Batting: RHB Jerry Jauregui
|
0-0: DOUBLE (Line Drive, 78D, EV 113.8 MPH)
|
|
Batting: RHB Kirk Arp
|
0-0: Ball 1-0: Foul Ball, location: 2F 1-1: Foul Ball, location: 2F 1-2: Fly out, F7 (Flyball, 78S, EV 86.3 MPH)
|
|
Batting: LHB Isto Mäyrä
|
0-0: Called Strike 0-1: Called Strike 0-2: Ball 1-2: Foul Ball, location: 2F 1-2: SINGLE (Flyball, 7S, EV 96.3 MPH) Jerry Jauregui to third
|
|
Batting: RHB Shigem Kubo
|
0-0: Ball 1-0: Called Strike 1-1: Swinging Strike 1-2: Fly out, F3 (Popup, 3SF, EV 71.3 MPH)
|
|
Batting: RHB Ruben Velasco
|
0-0: Ball 1-0: Foul Ball, location: 2F 1-1: Foul Ball, location: 2F 1-2: 3-RUN HOME RUN (Flyball, 7LD, EV 94.4 MPH), Distance : 346 ft
|
|
Batting: RHB Adam Burke
|
0-0: Ball 1-0: Ball 2-0: Ball 3-0: Base on Balls
|
|
Batting: SHB Dylan Novakowski
|
0-0: Fielders Choice at 2nd, 5-4 (Groundball, 56, EV 106.3 MPH)
|
| Bottom of the 5th over - 3 runs, 3 hits, 0 errors, 1 left on base; New York 1 - Toronto 4 |
| TOP OF THE 6TH |
|
New York Yankees batting - Pitching for Toronto Blue Jays : RHP Tony Rios
|
|
Batting: SHB Bartholomeu Chambino
|
0-0: Foul Ball, location: 2F 0-1: Ball 1-1: Ball 2-1: Ball 3-1: Foul Ball, location: 2F 3-2: Foul Ball, location: 2F 3-2: Ground out 4-3 (Groundball, 4, EV 81.3 MPH)
|
|
Batting: LHB Jim Skare
|
0-0: SINGLE (Groundball, 56S, EV 68.1 MPH) (infield hit)
|
|
Pinch Runner at 1st Alejandro Soriano:
|
|
|
Batting: LHB Evan Torraville
|
0-0: Ball 1-0: Called Strike 1-1: Called Strike 1-2: Ball 2-2: Grounds into double play, 4-6-3 (Groundball, 4, EV 87.5 MPH)
|
| Top of the 6th over - 0 runs, 1 hit, 0 errors, 0 left on base; New York 1 - Toronto 4 |
| BOTTOM OF THE 6TH |
|
Toronto Blue Jays batting - Pitching for New York Yankees : LHP David Ibarra
|
|
Batting: LHB Gabe White
|
0-0: Called Strike 0-1: Ball 1-1: Called Strike 1-2: Foul Ball, location: 2F 1-2: Foul Ball, location: 2F 1-2: Strikes out swinging
|
|
Batting: LHB Jon Schick
|
0-0: Ball 1-0: Swinging Strike 1-1: Ball 2-1: Foul Ball, location: 2F 2-2: Strikes out swinging
|
|
Batting: RHB Jerry Jauregui
|
0-0: Ground out 6-3 (Groundball, 6, EV 98.8 MPH)
|
| Bottom of the 6th over - 0 runs, 0 hits, 0 errors, 0 left on base; New York 1 - Toronto 4 |
| TOP OF THE 7TH |
|
New York Yankees batting - Pitching for Toronto Blue Jays : RHP Tony Rios
|
|
Now at C: Zory Larikov
|
|
|
Now at 2B: Dylan Novakowski
|
|
|
Batting: SHB Billy Durham
|
0-0: Ball 1-0: Foul Ball, location: 2F 1-1: Foul Ball, location: 2F 1-2: Ball 2-2: Strikes out looking
|
|
Batting: LHB Yao-pang Tien
|
0-0: Foul Ball, location: 2F 0-1: Foul Ball, location: 2F 0-2: Ball 1-2: Ball 2-2: Ball 3-2: Base on Balls
|
|
Batting: RHB Kai Bellow
|
0-0: Called Strike 0-1: DOUBLE (Line Drive, 89M, EV 106.3 MPH) Yao-pang Tien to third Runner from 3rd tries for Home, throw by CF and OUT! 8-4-2 Runner from 2nd tries for 3rd, throw by C and OUT! 2-4-5 Double Play!
|
| Top of the 7th over - 0 runs, 1 hit, 0 errors, 0 left on base; New York 1 - Toronto 4 |
| BOTTOM OF THE 7TH |
|
Toronto Blue Jays batting - Pitching for New York Yankees : LHP David Ibarra
|
|
Batting: RHB Kirk Arp
|
0-0: Foul Ball, location: 2F 0-1: Called Strike 0-2: Strikes out looking
|
|
Batting: LHB Isto Mäyrä
|
0-0: Ball 1-0: Foul Ball, location: 2F 1-1: Swinging Strike 1-2: Ground out 4-3 (Groundball, 4, EV 86.3 MPH)
|
|
Batting: RHB Shigem Kubo
|
0-0: Ball 1-0: Reached on error, E6 (Line Drive, 6, EV 76.3 MPH)
|
|
Pitching: RHP Juan Hurtado
|
|
|
Batting: RHB Ruben Velasco
|
0-0: DOUBLE (Line Drive, 89D, EV 108.1 MPH) Shigem Kubo to third
|
|
Batting: SHB Zory Larikov
|
0-0: Intentional Walk
|
|
Batting: SHB Dylan Novakowski
|
0-0: Ball 1-0: Swinging Strike 1-1: Ball 2-1: Ball 3-1: Base on Balls Shigem Kubo scores Ruben Velasco to third Zory Larikov to second
|
|
Batting: LHB Gabe White
|
0-0: Ball 1-0: Ball 2-0: Ball 3-0: Base on Balls Ruben Velasco scores Zory Larikov to third Dylan Novakowski to second
|
|
Batting: LHB Jon Schick
|
0-0: Ball 1-0: Ball 2-0: Ball 3-0: Called Strike 3-1: Called Strike 3-2: Strikes out swinging
|
| Bottom of the 7th over - 2 runs, 1 hit, 1 error, 3 left on base; New York 1 - Toronto 6 |
| TOP OF THE 8TH |
|
New York Yankees batting - Pitching for Toronto Blue Jays : RHP Tony Rios
|
|
Batting: RHB Sam Saunders
|
0-0: Foul Ball, location: 2F 0-1: Foul Ball, location: 2F 0-2: Fly out, F6 (Line Drive, 6, EV 65.6 MPH)
|
|
Batting: LHB Jordan de Jesus
|
0-0: Called Strike 0-1: Ball 1-1: Foul Ball, location: 2F 1-2: Foul Ball, location: 2F 1-2: Ball 2-2: Foul Ball, location: 2F 2-2: Ground out 6-3 (Groundball, 6D, EV 95.6 MPH)
|
|
Batting: RHB C.J. Richerson
|
0-0: Ball 1-0: Ball 2-0: Ball 3-0: Base on Balls
|
|
Pitching: RHP Mike Pedigo
|
|
|
Batting: SHB Bartholomeu Chambino
|
0-0: Foul Ball, location: 2F 0-1: Ball 1-1: Foul Ball, location: 2F 1-2: Ball 2-2: Ball 3-2: 2-RUN HOME RUN (Flyball, 7D, EV 97.5 MPH) (Inside the Park)
|
|
Batting: LHB Alejandro Soriano
|
0-0: Ground out 4-3 (Groundball, 4, EV 103.1 MPH)
|
| Top of the 8th over - 2 runs, 1 hit, 0 errors, 0 left on base; New York 3 - Toronto 6 |
| BOTTOM OF THE 8TH |
|
Toronto Blue Jays batting - Pitching for New York Yankees : RHP Juan Hurtado
|
|
Batting: RHB Jerry Jauregui
|
0-0: Ball 1-0: Ball 2-0: Ball 3-0: Called Strike 3-1: Called Strike 3-2: Foul Ball, location: 2F 3-2: Ground out 6-3 (Groundball, 6S, EV 70.0 MPH)
|
|
Batting: RHB Kirk Arp
|
0-0: Fly out, F4 (Popup, 4, EV 60.6 MPH)
|
|
Batting: LHB Isto Mäyrä
|
0-0: Ball 1-0: Ball 2-0: Ground out 3-1 (Groundball, 34S, EV 80.6 MPH)
|
| Bottom of the 8th over - 0 runs, 0 hits, 0 errors, 0 left on base; New York 3 - Toronto 6 |
| TOP OF THE 9TH |
|
New York Yankees batting - Pitching for Toronto Blue Jays : RHP Mike Pedigo
|
|
Pitching: RHP J.J. Thompson
|
|
|
Batting: LHB Evan Torraville
|
0-0: Ball 1-0: Called Strike 1-1: Ball 2-1: Swinging Strike 2-2: Strikes out swinging
|
|
Batting: SHB Billy Durham
|
0-0: Ball 1-0: Called Strike 1-1: Ball 2-1: Ball 3-1: Base on Balls
|
|
Batting: LHB Yao-pang Tien
|
0-0: Ball 1-0: Ball 2-0: Ball 3-0: Base on Balls Billy Durham to second
|
|
Pinch Hitting: LHB Jason Peck
|
0-0: Called Strike 0-1: Ball 1-1: Foul Ball, location: 2F 1-2: Strikes out looking
|
|
Pinch Hitting: LHB Nate Ciccarelli
|
0-0: Ball 1-0: Foul Ball, location: 2F 1-1: Foul Ball, location: 2F 1-2: Strikes out swinging
|
| Top of the 9th over - 0 runs, 0 hits, 0 errors, 2 left on base; New York 3 - Toronto 6 |
|